 Dungeon Crawl Stone Soup version 0.30-a0-862-g1aabd4f9c5 (webtiles) character file.

Game seed: 7870193200552337001

25 qeuew the Shield-Bearer (level 3, -4/29 HPs)
             Began as a Formicid Fighter on Mar 9, 2023.
             Frozen to death by an endoplasm (5 damage)
             ... on level 2 of the Dungeon.
             The game lasted 00:00:55 (792 turns).

qeuew the Shield-Bearer (Formicid Fighter)           Turns: 792, Time: 00:00:56

Health: -4/29      AC:  6    Str: 19 (22) XL:     3   Next: 20%
Magic:  3/3        EV:  9    Int:  6 (7)  God:
Gold:   40         SH:  4    Dex: 10 (13) Spells: 2/2 levels left

rFire   . . .      SeeInvis +    a - +0 trident
rCold   . . .      Faith    .    c - +0 buckler
rNeg    . . .      Spirit   .    b - +0 scale mail
rPois   .          Reflect  .    (helmet unavailable)
rElec   .          Rampage  .    (no cloak)
rCorr   .                        (no gloves)
Will    .....                    (no boots) Stlth
                                 (no amulet)
HPRegen 0.24/turn                (no ring)
MPRegen 0.08/turn                (no ring)

@: no status effects
A: permanent stasis, dig shafts and tunnels, antennae 3, four strong arms
a: Dig, Shaft Self


You were on level 2 of the Dungeon.
You visited 1 branch of the dungeon, and saw 2 of its levels.

You collected 40 gold pieces.

Inventory:

Hand Weapons
 a - a +0 trident (weapon)
Armour
 b - a +0 scale mail (worn)
 c - a +0 buckler (worn)
Potions
 d - a potion of might
 e - a potion of invisibility


   Skills:
 + Level 3.5 Fighting
 * Level 2.5 Polearms
 + Level 3.5 Armour
 + Level 0.7 Dodging
 + Level 4.2 Shields


You had 2 spell levels left.
You didn't know any spells.
Your spell library contained the following spells:

 Spells                   Type           Power      Damage    Failure   Level
 Summon Guardian Golem    Hex/Summ       0%         N/A       99%         3
 Orb of Destruction       Conj           0%         9d5       100%        7
 Spellforged Servitor     Conj/Summ      0%         N/A       100%        7


Dungeon Overview and Level Annotations

Branches:
Dungeon (2/15)

Altars:

Shops:
D:2 (


Innate Abilities, Weirdness & Mutations

You cannot be hasted, slowed, berserked, paralysed or teleported.
You can dig through walls and to a lower floor.
You have a pair of large antennae on your head. (SInv)
Your four strong arms can wield two-handed weapons with a shield.


Message History

You block the jackal's attack. The jackal bites you.
The endoplasm jiggles.
The endoplasm freezes you.
You are frozen.
The jackal bites you but does no damage. x2
The jackal barely misses you.
The dart slug bites you but does no damage.
You hit the dart slug.
The dart slug is heavily wounded.
The jackal bites you.
The jackal bites you but does no damage. x2
The endoplasm hits you but does no damage.
The jackal closely misses you. The dart slug launches a dart at you.
The slug dart misses you.
The slug dart hits the endoplasm.
You barely miss the dart slug.
The dart slug is heavily wounded.
The jackal closely misses you. The jackal bites you. The endoplasm freezes you.
You are frozen.
* * * LOW HITPOINT WARNING * * *
The jackal bites you but does no damage.
The jackal bites you.
* * * LOW HITPOINT WARNING * * *
The jackal closely misses you.
The jackal bites you but does no damage.
The endoplasm freezes you.
You are frozen.
* * * LOW HITPOINT WARNING * * *
You hit the dart slug but do no damage.
The dart slug is heavily wounded.
The jackal barely misses you. The jackal bites you.
* * * LOW HITPOINT WARNING * * *
The dart slug bites you but does no damage.
The jackal barely misses you. The jackal bites you.
* * * LOW HITPOINT WARNING * * *
The jackal closely misses you. The endoplasm freezes you.
You are frozen.
You die...

........#
#.......+ ...
.##...#...#+#...
...............#
...............##
.................
......hhw........
.#.#.#@.........
......Jh.........
.........<......#
.[.........>...##
......8.8.8#####
...##..⌠.⌠.# ...
#.8.∩.8# ..
#...⌠?⌠..
#.#8.8.8..


You could see a dart slug, an endoplasm and 3 jackals.

Vanquished Creatures
  4 dart slugs (D:1)
  An endoplasm (D:1)
  A giant cockroach (D:1)
  A goblin (D:1)
  2 hobgoblins (D:1)
  A jackal (D:2)
  2 bats (D:1)
  2 frilled lizards (D:1)
  2 kobolds (D:1)
  3 rats (D:1)
19 creatures vanquished.

Notes
Turn   | Place    | Note
-------+----------+-------------------------------------------
     0 | D:1      | qeuew the Formicid Fighter began the quest for the Orb.
     0 | D:1      | Reached XP level 1. HP: 18/18 MP: 1/1
   125 | D:1      | Reached XP level 2. HP: 23/24 MP: 2/2
   481 | D:1      | Reached XP level 3. HP: 27/29 MP: 3/3
   779 | D:2      | Found Lizeu's Antique Weapon Shoppe.
   792 | D:2      | HP: 1/29 [jackal (3)]
   792 | D:2      | Frozen to death by an endoplasm

Illustrated notes

Levels and vault maps discovered:
D:1:      minmay_arrival_stone_box, layout_basic, serial_corexii_hall,
          chequers_hall_statues_y, corexii_hall_statues_u
D:2:      layout_rooms, serial_shops, nicolae_shop_crystal,
          nicolae_shop_temple_entry_statues_fountains,
          nicolae_shop_behind_doors, ebering_ecumenical_altar_rust,
          minmay_ruptured

Action                     || total
---------------------------++-------
  Melee: Trident           ||    57
    Use: Potion            ||     4
         Scroll            ||     2
 Armour: Scale mail        ||    23
  Dodge: Dodged            ||    26
  Block: Buckler           ||    13

Table legend: (Time is in decaauts)
 A = Elapsed time spent in this place.
 B = Non-inter-level travel time spent in this place.
 C = Inter-level travel time spent in this place.
 D = Time resting spent in this place.
 E = Time spent auto-exploring this place.
 F = Levels seen in this place.
 G = Mean time per level.
                   A        B        C        D        E       F      G
               +--------+--------+--------+--------+--------+-----+--------+
         Total |    803 |    782 |     21 |      0 |    636 |   2 |  401.5 |
       Dungeon |    803 |    782 |     21 |      0 |    636 |   2 |  401.5 |
               +--------+--------+--------+--------+--------+-----+--------+

Top non-repeatable levels by time:
     D:1: 788 daAuts
     D:2: 14 daAuts
